 Dungeon Crawl Stone Soup version 0.22.0-27-ga576289 (webtiles) character file.

2862 shmeve the Blocker (level 9, 0/79 HPs)
             Began as a Minotaur Berserker on Aug 22, 2018.
             Was a Believer of Trog.
             Slain by a hellwing (3 damage)
             ... on level 7 of the Dungeon.
             The game lasted 00:12:44 (6337 turns).

shmeve the Blocker (Minotaur Berserker)             Turns: 6337, Time: 00:12:45

Health: 0/79       AC: 13    Str: 24    XL:     9   Next: 47%
Magic:  8/8        EV: 10    Int:  4    God:    Trog [**....]
Gold:   236        SH:  0    Dex: 11    Spells: 8/8 levels left

rFire    . . .     SeeInvis .   a - +0 hand axe
rCold    . . .     Gourm    .   (no shield)
rNeg     . . .     Faith    .   m - +0 chain mail
rPois    .         Spirit   .   (helmet restricted)
rElec    .         Reflect  .   l - +0 cloak
rCorr    .         Harm     .   e - +0 pair of gloves
MR       ++...                  n - +0 pair of boots
Stlth    ..........             (no amulet)
HPRegen  1.23/turn              (no ring)
MPRegen  0.11/turn              (no ring)

@: regenerating
A: retaliatory headbutt, horns 2
a: Berserk, Trog's Hand, Renounce Religion


You were on level 7 of the Dungeon.
You worshipped Trog.
Trog was pleased with you.
You were not hungry.

You visited 1 branch of the dungeon, and saw 7 of its levels.

You collected 236 gold pieces.

Inventory:

Hand Weapons
 a - a +0 hand axe (weapon)
Missiles
 i - 7 tomahawks (quivered)
 w - 4 steel tomahawks
Armour
 e - a +0 pair of gloves (worn)
 l - a +0 cloak (worn)
 m - a +0 chain mail (worn)
 n - a +0 pair of boots (worn)
 y - a +0 buckler
Wands
 x - a wand of acid (4)
Scrolls
 b - a scroll of random uselessness {unknown}
 d - 6 scrolls of identify
 f - 2 scrolls of enchant armour
 o - 3 scrolls of magic mapping {unknown}
 t - 2 scrolls of teleportation {unknown}
 v - a scroll of enchant weapon {unknown}
Potions
 g - a potion of magic {unknown}
 h - a potion of haste
 j - 2 potions of berserk rage
 k - a potion of flight {unknown}
 q - 2 potions of ambrosia {unknown}
 r - a potion of invisibility
 s - a potion of agility
 u - a potion of mutation {unknown}
Comestibles
 c - 5 rations


   Skills:
 - Level 7.3 Fighting
 - Level 7.3 Axes
 - Level 5.1 Throwing
 - Level 4.9 Armour
 - Level 4.5 Dodging
 + Level 9.2 Shields


You had 8 spell levels left.
You didn't know any spells.
Your spell library was empty.

Dungeon Overview and Level Annotations

Branches:
Dungeon (7/15)             Temple (0/1) D:5

Altars:
Cheibriados
Elyvilon
Fedhas
Ru
Xom

Shops:
D:7 }


Innate Abilities, Weirdness & Mutations

You reflexively headbutt those who attack you in melee.
You have a pair of horns on your head.


Message History

You slash the redback zombie!
The redback zombie is almost destroyed.
The redback zombie bites you but does no damage.
Unknown command.
You slash the redback zombie!
You destroy the redback zombie!
Trog accepts your kill.
Your Shields skill increases to level 9!
You recover from your berserk rage.
You closely miss the hellwing. The hellwing barely misses you.
You furiously retaliate!
You headbutt the hellwing, but do no damage.
The hellwing barely misses you.
Unknown command.
You hit the hellwing but do no damage. The hellwing hits you!
* * * LOW HITPOINT WARNING * * *
The hellwing hits you but does no damage.
The shadow imp shouts, "Despair, thou pecksniffian base-court walking sirloin!"
You hit the hellwing but do no damage. The hellwing hits you.
You die...

#.......)#
#........#
#.......##
#.......#
#.......#
##.######
#.#
#.######
#...))@#
######4#
#5o..Z.8%
#.Z....4.
#.#...8..
#.#P.....
..#..8PPP
..# ...P.
#.# .P...


You could see a hellwing, a shadow imp, an orc and a wyvern zombie.

Vanquished Creatures
  2 redback zombies (D:7)
  A hellwing (D:7)
  A meliai zombie (D:7)
  Duvessa (D:6)
  An orc warrior (D:7)
  2 ogres
  A phantom (D:4)
  A black bear (D:7)
  A centaur (D:5)
  A wyvern zombie (D:7)
  Dowan (D:6)
  A scorpion (D:4)
  5 killer bees (D:7)
  2 crimson imps
  A hound (D:4)
  Crazy Yiuf (D:3)
  2 centaur skeletons
  2 orc wizards
  4 iguanas
  5 worker ants
  12 adders
  2 shadow imps (D:7)
  2 worms
  A dart slug (D:1)
  4 leopard geckos
  14 orcs
  7 bats
  6 giant cockroaches
  8 goblins
  9 hobgoblins
  4 jackals
  10 kobolds
  3 quokkas
  A ball python (D:3)
  8 rats
127 creatures vanquished.

Vanquished Creatures (others)
  2 withered plants (D:7)
2 creatures vanquished.

Grand Total: 129 creatures vanquished

Notes
Turn   | Place    | Note
-------+----------+-------------------------------------------
     0 | D:1      | shmeve the Minotaur Berserker began the quest for the Orb.
     0 | D:1      | Reached XP level 1. HP: 19/19 MP: 0/0
   163 | D:1      | Reached XP level 2. HP: 17/27 MP: 1/1
   415 | D:1      | Reached skill level 1 in Throwing
  1140 | D:2      | Reached XP level 3. HP: 28/33 MP: 2/2
  1172 | D:2      | Reached ** piety under Trog
  1281 | D:2      | Found a shimmering altar of Xom.
  1824 | D:2      | Reached XP level 4. HP: 39/41 MP: 3/3
  2159 | D:3      | Found a runed door.
  2206 | D:3      | Reached XP level 5. HP: 30/47 MP: 4/4
  2315 | D:3      | Noticed Crazy Yiuf
  2322 | D:3      | Killed Crazy Yiuf
  2598 | D:3      | Found a blossoming altar of Fedhas.
  2821 | D:3      | Reached skill level 5 in Axes
  2867 | D:4      | Found a snail-covered altar of Cheibriados.
  2870 | D:4      | Noticed a phantom
  2887 | D:4      | Killed a phantom
  2887 | D:4      | Reached skill level 5 in Fighting
  2887 | D:4      | Reached XP level 6. HP: 54/56 MP: 5/5
  3356 | D:4      | Reached *** piety under Trog
  3661 | D:4      | Reached XP level 7. HP: 45/62 MP: 6/6
  4220 | D:5      | Entered Level 5 of the Dungeon
  4307 | D:5      | Got a shimmering leather armour
  4308 | D:5      | Identified the cursed +1 leather armour of Precision Catastrophes {Str+2 Int-4 Dex+2 Stlth+} (You found it on level 5 of the Dungeon)
  4335 | D:5      | Found a staircase to the Ecumenical Temple.
  4527 | D:5      | Found a white marble altar of Elyvilon.
  5229 | D:6      | Noticed Dowan
  5230 | D:6      | Noticed Duvessa
  5237 | D:6      | Killed Dowan
  5245 | D:6      | Killed Duvessa
  5268 | D:6      | Reached XP level 8. HP: 63/71 MP: 7/7
  5429 | D:6      | Found a sacrificial altar of Ru.
  5504 | D:7      | Found Xobb's Gadget Shop.
  5884 | D:7      | Reached skill level 5 in Throwing
  5987 | D:7      | Received a gift from Trog
  6258 | D:7      | Noticed a hellwing
  6268 | D:7      | Reached skill level 4 in Shields
  6275 | D:7      | Reached skill level 6 in Shields
  6275 | D:7      | Reached XP level 9. HP: 79/79 MP: 8/8
  6287 | D:7      | Killed a hellwing
  6287 | D:7      | Reached skill level 7 in Shields
  6291 | D:7      | Noticed a hellwing
  6312 | D:7      | Reached skill level 8 in Shields
  6334 | D:7      | Reached skill level 9 in Shields
  6336 | D:7      | HP: 2/79 [hellwing (10)]
  6337 | D:7      | Slain by a hellwing

Skill      XL: |  1  2  3  4  5  6  7  8  9 |
---------------+----------------------------+-----
Throwing       | 1 2 3 4 5 |  5.1
Fighting       | 4 5 6 7 |  7.3
Axes           | 4 5 6 7 |  7.3
Armour         | 3 4 |  4.9
Dodging        | 3 4 |  4.5
Shields        | 6 9 |  9.2

Action                   |  1- 3 |  4- 6 |  7- 9 || total
-------------------------+-------+-------+-------++-------
Melee: Hand axe          |    76 |   136 |   220 ||   432
       Headbutt          |    11 |    19 |    45 ||    75
Throw: Tomahawk          |       |    16 |     6 ||    22
Invok: Berserk           |       |     1 |     3 ||     4
       Trog's Hand       |       |       |     5 ||     5
  Use: Scroll            |     2 |       |     1 ||     3
       Potion            |       |       |     5 ||     5
 Stab: Distracted        |     1 |       |       ||     1
  Eat: Chunk             |     3 |     7 |     7 ||    17
       Ration            |       |       |     2 ||     2
Armor: Animal skin       |    18 |       |       ||    18
       Chain mail        |     6 |    77 |   115 ||   198
Dodge: Dodged            |    74 |    69 |   144 ||   287
